cohdb
Replays
Latest Replays
All Replays
Popular Replays
Top Player Replays
Match Explorer
How It Works
Community
CoH3 Stats
Reddit
Sign in to upload your games and track your stats! →
Sign in with Steam
Match 42547556
Unlisted
Match 42547556
Overview
Messages
Build Orders
End
Construct Infanterie Kompanie
Selects Mechanized Battlegroup
MG 42 Machine Gun Team
Grenadier Squad
GrW 34 Mortar Team
MG 42 Machine Gun Team
Medical Station
Construct Panzergrenadier Kompanie
Selects Spotting Scopes
Pak 40 Anti-tank Gun Team
Construct Panzer Kompanie
MG 42 Bunker
Stoßtruppen Squad
Selects Wespe Self-propelled Artillery
Pak 40 Anti-tank Gun Team
Stoßtruppen Squad
Selects Raid Package
Wespe Self-propelled Artillery
251 Medium Carrier
Selects 8 Rad Armored Car
Panzer Officer Quarters
Infanterie Officer Quarters
Construct Luftwaffe Kompanie
Support Elements
Wirbelwind Flakpanzer
Selects UNKNOWN (2160084)
Selects Mechanized Assault
Panther Heavy Tank
Stoßtruppen Squad
Pioneer Squad
Mechanized Assault
Panther Heavy Tank
SaggyTurnips
TheLordJord
CHINOOOK
REX000威威
魂牵梦萦
Moltke1871
Justive killer
猎狐
0
0
Comments
sign in to comment!
No comments posted yet!